 Dungeon Crawl Stone Soup version 0.26-a0-651-gb41185065b (webtiles) character file.

Game seed: 4692033679090254211

35 sanka the Sneak (level 3, 0/23 HPs)
             Began as a Tengu Delver on Oct 10, 2020.
             Was an Initiate of Okawaru.
             Slain by a bullfrog zombie (3 damage)
             ... on level 4 of the Dungeon.
             The game lasted 00:02:10 (317 turns).

sanka the Sneak (Tengu Delver)                       Turns: 317, Time: 00:02:11

Health: 0/23       AC:  3    Str: 12    XL:     3   Next: 33%
Magic:  4/4        EV: 13    Int: 10    God:    Okawaru [......]
Gold:   7          SH:  0    Dex: 16    Spells: 2/2 levels left

rFire    + . .     SeeInvis .   a - +0 spear
rCold    . . .     Faith    .   (no shield)
rNeg     . . .     Spirit   .   b - +0 leather armour
rPois    .         Reflect  .   (helmet restricted)
rElec    .         Harm     .   (no cloak)
rCorr    .         Rampage  .   (no gloves)
MR       .....                  (boots unavailable)
Stlth    +++.......             (no amulet)
HPRegen  0.07/turn              h - ring of protection from fire
MPRegen  0.09/turn              (no ring)

@: stab
A: beak, talons 3
a: Renounce Religion


You were on level 4 of the Dungeon.
You worshipped Okawaru.
Okawaru was noncommittal.
You visited 1 branch of the dungeon, and saw 3 of its levels.

You collected 7 gold pieces.


Innate Abilities, Weirdness & Mutations

You have a beak for a mouth.
You have claws for feet.


   Skills:
 - Level 3.0 Fighting
 + Level 3.2 Polearms
 + Level 3.2 Dodging
 - Level 5.0 Stealth


You had 2 spell levels left.
You didn't know any spells.
Your spell library was empty.

Inventory:

Hand Weapons
 a - a +0 spear (weapon)
 l - a +2 vorpal long sword
Armour
 b - a +0 leather armour (worn)
Jewellery
 h - a ring of protection from fire (left hand)
Wands
 g - a wand of digging (3)
 k - a wand of iceblast (7)
Scrolls
 c - a scroll of fog
 d - a scroll of magic mapping
 e - a scroll of fear
 j - a scroll of amnesia {unknown}
Potions
 f - a potion of haste {@q3}
 i - a potion of curing {unknown}

Dungeon Overview and Level Annotations

Branches:
Dungeon (5/15)
 Temple: D:4-7

Altars:
Ashenzari
Okawaru
Wu Jian

Annotations:
D:3 Grinder

▒..........+
▒..........▒▒▒
.............
............
▒.....▒
▒▒▒▒▒▒▒▒▒.<...▒
▒.............▒▒▒▒▒
▒......Z..▒▒>.....+
▒....SQ...▒▒▒▒▒▒▒▒▒
▒.........▒
▒.........▒
▒.........▒
▒▒▒▒▒▒▒▒▒▒▒


You could see an adder and a bullfrog zombie.


Message History

Grinder gestures at you. Pain shoots through your body!
Okay, then.
Grinder blinks!
Grinder gestures at you. Pain shoots through your body!
Ouch! That really hurt!
* * * LOW HITPOINT WARNING * * *
There is a stone staircase leading down here.
You climb downwards.
There is a stone staircase leading up here.
Unknown command.
An adder comes into view.
The adder hisses angrily.
You hit the adder. You claw the adder!
The adder is almost dead.
The adder bites you.
* * * LOW HITPOINT WARNING * * *
You hit the adder but do no damage. Your kick misses the adder.
Your peck misses the adder.
The adder is almost dead.
The adder barely misses you. The bullfrog zombie closely misses you.
It was a potion of stabbing.
You feel ready to backstab. The adder barely misses you.
The bullfrog zombie hits you.
You die...

Action                   || total
-------------------------++-------
Melee: Spear             ||     9
       Kick              ||     2
Evoke: Wand              ||     1
  Use: Potion            ||     1
Dodge: Dodged            ||    10

Levels and vault maps discovered:
D:3:      layout_loops_ring, uniq_grinder
D:4:      layout_basic, lemuel_statue_altar
D:5:      layout_rooms, kennysheep_little_box, fedhas_bush_and_centaur_altar,
          chequers_temple_overflow_statue_of_worship, basic_altar, st_stairs_9

Notes
Turn   | Place    | Note
-------+----------+-------------------------------------------
     0 | D:5      | sanka the Tengu Delver began the quest for the Orb.
     0 | D:5      | Reached XP level 1. HP: 14/14 MP: 2/2
    52 | D:5      | Noticed an orc wizard
    53 | D:5      | Noticed an orc wizard
    82 | D:5      | Found an iron altar of Okawaru.
    88 | D:5      | Found an ornate altar of the Wu Jian Council.
    88 | D:5      | Noticed a worker ant
    90 | D:5      | Became a worshipper of Warmaster Okawaru
    96 | D:5      | Killed a worker ant
    96 | D:5      | Reached skill level 3 in Polearms
    96 | D:5      | Reached skill level 3 in Dodging
    96 | D:5      | Reached XP level 2. HP: 19/19 MP: 3/3
    96 | D:5      | Reached XP level 3. HP: 23/23 MP: 4/4
    99 | D:5      | Found a broken altar of Ashenzari.
   107 | D:5      | Noticed a sky beast
   295 | D:3      | Noticed Grinder
   317 | D:4      | Slain by a bullfrog zombie

Vanquished Creatures
  A worker ant (D:5)
  An adder (D:4)
  A ball python (D:4)
  A leopard gecko skeleton (D:5)
4 creatures vanquished.
